 Dungeon Crawl Stone Soup version 0.26-a0-663-g36e8fdb655 (webtiles) character file.

Game seed: 16875169716180916327

852 grandjackal the Ducker (level 7, -9/56 HPs)
             Began as a Demonspawn Gladiator on Oct 11, 2020.
             Mangled by an iguana (11 damage)
             ... on level 5 of the Dungeon.
             The game lasted 00:04:04 (4095 turns).

grandjackal the Ducker (Demonspawn Gladiator)       Turns: 4095, Time: 00:04:05

Health: -9/56      AC:  6    Str: 16    XL:     7   Next: 69%
Magic:  7/7        EV: 13    Int: 10    God:
Gold:   229        SH:  0    Dex: 14    Spells: 6/6 levels left

rFire    + . .     SeeInvis .   a - +0 long sword
rCold    . . .     Faith    .   (no shield)
rNeg     . . .     Spirit   .   h - +0 ring mail
rPois    .         Reflect  .   c - +0 helmet
rElec    .         Harm     .   (no cloak)
rCorr    .         Rampage  .   (no gloves)
MR       .....                  (no boots)
Stlth    +.........             (no amulet)
HPRegen  0.18/turn              k - ring of protection from fire
MPRegen  0.10/turn              (no ring)

@: studying Shields
A: claws 1, powered by death 1, rot immunity
a: no special abilities


You were on level 5 of the Dungeon.
You visited 1 branch of the dungeon, and saw 5 of its levels.

You collected 229 gold pieces.

Inventory:

Hand Weapons
 a - a +0 long sword (weapon)
Missiles
 d - 3 throwing nets (quivered)
Armour
 c - a +0 helmet (worn)
 h - a +0 ring mail (worn)
 r - a cursed +0 chain mail
 s - a +0 kite shield
Jewellery
 k - a ring of protection from fire (left claw)
 q - a cursed ring of attention {unknown}
Scrolls
 b - 2 scrolls of immolation {unknown}
 e - 4 scrolls of teleportation {unknown}
 f - 2 scrolls of fear {unknown}
 j - a scroll of fog {unknown}
 l - 6 scrolls of identify {unknown}
 n - a scroll of noise {unknown}
 t - a scroll of enchant armour {unknown}
 u - 3 scrolls of random uselessness {unknown}
Potions
 g - a potion of lignification {unknown}
 i - a potion of curing {unknown}
 m - a potion of heal wounds {unknown}
 o - a potion of mutation {unknown}
 p - a potion of degeneration {unknown}
 w - a potion of ambrosia {unknown}
 x - a potion of brilliance {unknown}
Books
 v - a manual of Shields


   Skills:
 + Level 5.2 Fighting
 + Level 4.0 Long Blades
 - Level 1.7 Throwing
 + Level 5.2 Dodging
 + Level 2.2 Shields
 - Level 3.0 Unarmed Combat


You had 6 spell levels left.
You didn't know any spells.
Your spell library was empty.

Dungeon Overview and Level Annotations

Branches:
Dungeon (5/15)             Temple (0/1) D:4

Altars:
Ru


Innate Abilities, Weirdness & Mutations

You have sharp fingernails.
You regenerate a little health from kills.
You are immune to rotting.


Message History

The orc barely misses you.
You riposte.
You barely miss the orc.
The orc is almost dead.
You slash the orc!
You kill the orc!
The iguana closely misses you.
You barely miss the iguana. The iguana bites you!
You barely miss the iguana.
The iguana bites you but does no damage.
You hit the iguana.
The iguana is lightly wounded.
The iguana bites you!
* * * LOW HITPOINT WARNING * * *
You hit the iguana but do no damage.
The iguana is lightly wounded.
The iguana bites you!
* * * LOW HITPOINT WARNING * * *
You hit the iguana.
The iguana is moderately wounded.
The iguana bites you!
You die...

#########
#.......#
#.#####.# #.#
#<#.#
#.###.#†#
#.....#@#
#######l# #
######o#.####
#...........#
#...)....!..#
#...).......#
#...........#
#...........#
#...........#


You could see an iguana and an orc.

Vanquished Creatures
  Sigmund (D:3)
  A phantom (D:4)
  An ice beast (D:5)
  An ogre (D:3)
  3 scorpions (D:4)
  A bullfrog zombie (D:4)
  2 orc priests
  2 iguanas
  A worker ant (D:4)
  A hound zombie (D:5)
  3 worms
  2 dart slugs
  3 leopard geckos
  12 orcs
  A ball python (D:3)
  3 bats
  3 giant cockroaches
  6 goblins
  5 hobgoblins
  12 jackals
  A quokka (D:4)
  8 frilled lizards
  8 kobolds
  9 rats
90 creatures vanquished.

Notes
Turn   | Place    | Note
-------+----------+-------------------------------------------
     0 | D:1      | grandjackal the Demonspawn Gladiator began the quest for
                  | the Orb.
     0 | D:1      | Reached XP level 1. HP: 16/16 MP: 1/1
   196 | D:1      | Gained mutation: You regenerate a little health from kills.
                  | [demonic ancestry]
   196 | D:1      | Reached XP level 2. HP: 17/22 MP: 2/2
   864 | D:2      | Reached XP level 3. HP: 26/28 MP: 3/3
  1086 | D:2      | Found a sacrificial altar of Ru.
  1572 | D:3      | Noticed an ogre
  1580 | D:3      | Killed an ogre
  1580 | D:3      | Reached XP level 4. HP: 25/35 MP: 4/4
  1580 | D:3      | Gained mutation: You have sharp fingernails. [demonic
                  | ancestry]
  1580 | D:3      | Reached XP level 5. HP: 29/41 MP: 5/5
  1980 | D:3      | Noticed Sigmund
  1993 | D:3      | Killed Sigmund
  1993 | D:3      | Reached skill level 1 in Unarmed Combat
  1993 | D:3      | Gained mutation: You are immune to rotting. [demonic
                  | ancestry]
  1993 | D:3      | Reached XP level 6. HP: 26/48 MP: 6/6
  2727 | D:4      | Found a staircase to the Ecumenical Temple.
  2966 | D:4      | Reached XP level 7. HP: 42/55 MP: 7/7
  3748 | D:4      | Reached skill level 5 in Dodging
  3748 | D:4      | Reached skill level 1 in Shields
  3965 | D:5      | Entered Level 5 of the Dungeon
  3983 | D:5      | Reached skill level 5 in Fighting
  4094 | D:5      | HP: 1/56 [iguana (12)]
  4095 | D:5      | Mangled by an iguana

Illustrated notes

Levels and vault maps discovered:
D:1:      onia_arrival_mini_maze, layout_basic, minmay_tetromino_i2
D:2:      layout_rooms, minmay_tree_intersection, nicolae_ru_path_of_blood
D:3:      layout_basic, uniq_sigmund
D:4:      layout_loops_ring, minmay_temple_entry_sparse_star, minmay_manual_mess
D:5:      layout_basic, nemelex_xobeh_ov_fountains_minmay

Skill      XL: |  1  2  3  4  5  6  7 |
---------------+----------------------+-----
Dodging        | 3 4 5 |  5.2
Long Blades    | 3 4 |  4.0
Fighting       | 3 4 5 |  5.2
Unarmed Combat | 1 2 3 |  3.0
Shields        | 2 |  2.2
Throwing       | |  1.7

Action                   |  1- 3 |  4- 6 |  7- 9 || total
-------------------------+-------+-------+-------++-------
Melee: Long sword        |   116 |   101 |    72 ||   289
       Punch             |       |     1 |     1 ||     2
Armor: Leather armour    |     3 |       |       ||     3
       Ring mail         |    53 |    21 |    21 ||    95
Dodge: Dodged            |   107 |    70 |    50 ||   227
       Rpst.: Long sword |    40 |    23 |    20 ||    83

Table legend: (Time is in decaauts)
 A = Elapsed time spent in this place.
 B = Non-inter-level travel time spent in this place.
 C = Inter-level travel time spent in this place.
 D = Time resting spent in this place.
 E = Time spent auto-exploring this place.
 F = Levels seen in this place.
 G = Mean time per level.
                   A        B        C        D        E       F      G
               +--------+--------+--------+--------+--------+-----+--------+
         Total |   4158 |   4019 |    139 |    902 |   2465 |   5 |  831.6 |
       Dungeon |   4158 |   4019 |    139 |    902 |   2465 |   5 |  831.6 |
               +--------+--------+--------+--------+--------+-----+--------+

Top non-repeatable levels by time:
     D:4: 1472 daAuts
     D:3: 1165 daAuts
     D:1: 846 daAuts
     D:2: 537 daAuts
     D:5: 135 daAuts
